 Dungeon Crawl Stone Soup version 0.29-a0-234-g0dae59b3db (webtiles) character file.

Game seed: 12851813891111115177

475 mopl the Magician (level 6, -1/41 HPs)
             Began as a Mummy Fire Elementalist on Mar 2, 2022.
             Slain by a gnoll
             ... wielding a +0 flail
              (7 damage)
             ... on level 3 of the Dungeon.
             The game lasted 00:09:04 (5597 turns).

mopl the Magician (Mummy Fire Elementalist)         Turns: 5597, Time: 00:09:05

Health: -1/41      AC:  3    Str: 11    XL:     6   Next: 84%
Magic:  5/13       EV: 12    Int: 17    God:
Gold:   161        SH:  0    Dex: 12    Spells: 5/15 levels left

rFire   x . .      SeeInvis .   a - staff of poison
rCold   + . .      Faith    .   (no shield)
rNeg    + + +      Spirit   .   d - +0 robe
rPois   ∞          Reflect  .   e - +1 hat
rElec   .          Harm     .   (no cloak)
rCorr   .          Rampage  .   (no gloves)
Will    .....                   (no boots)
Stlth   ++........              (no amulet)
HPRegen 0.13/turn               (no ring)
MPRegen 0.13/turn               (no ring)

@: no status effects
A: cold resistance 1, negative energy resistance 3, torment resistance 2, heat
vulnerability 1, in touch with death 1, no potions
a: no special abilities


You were on level 3 of the Dungeon.
You visited 1 branch of the dungeon, and saw 4 of its levels.

You collected 161 gold pieces.

Inventory:

Hand Weapons
 b - a +0 whip
 h - a +1 vorpal spear
Missiles
 l - 6 poisoned darts
 m - 2 boomerangs
Armour
 d - a +0 robe (worn)
 e - a +1 hat (worn)
Magical Staves
 a - a staff of poison (weapon)
Wands
 g - a wand of polymorph (8)
 k - a wand of flame (15)
Scrolls
 c - 3 scrolls of teleportation
 f - a scroll of enchant armour
 i - a scroll of fog
 j - a scroll of magic mapping {unknown}


   Skills:
 - Level 1.5 Dodging
 - Level 1.5 Stealth
 * Level 5.3 Spellcasting
 + Level 2.4 Conjurations
 + Level 2.2 Hexes
 + Level 4.0 Fire Magic
 + Level 1.3 Poison Magic


You had 5 spell levels left.
You knew the following spells:

 Your Spells              Type           Power      Damage    Failure   Level
a - Foxfire               Conj/Fire      60%        2x1d7     3%          1
b - Scorch                Fire           36%        2d6       4%          2
c - Inner Flame           Hex/Fire       15%        N/A       12%         3
o - Olgreb's Toxic Radia  Pois           13%        N/A       61%         4

Your spell library contained the following spells:

 Spells                   Type           Power      Damage    Failure   Level
 Sting                    Tmut/Pois      40%        1d5       11%         1
 Conjure Flame            Conj/Fire      15%        6-21      11%         3
 Poisonous Vapours        Pois/Air       20%        N/A       16%         2
 Flame Wave               Conj/Fire      15%        2d6       36%         4
 Summon Hydra             Summ           2%         N/A       100%        7
 Sublimation of Blood     Necr           Unusable   N/A       N/A         2
 Wereblood                Tmut           Unusable   N/A       N/A         2

Dungeon Overview and Level Annotations

Branches:
Dungeon (4/15)
 Temple: D:4-7

Altars:
Dithmenos
Fedhas
Qazlal
Ru
Trog
Uskayaw
The Shining One

Annotations:
D:2 1 runed translucent door, Crazy Yiuf, Sigmund
D:3 2 runed translucent doors, Golzeb's ghost, amateur HOMo


Innate Abilities, Weirdness & Mutations

You are immune to poison.
Your flesh is cold resistant. (rC+)
You are immune to negative energy. (rN+++)
You are immune to unholy pain and torment.
You are vulnerable to heat. (rF-)
You are in touch with the powers of death.
You do not drink.


Message History

The gnoll shaman hits you with a +0 club.
Sorry, you're not good enough to have a special ability.
Casting: Foxfire (safe; 3% risk of failure)
Confirm with . or Enter, or press ? or * to list all spells.
You conjure some foxfire!
The foxfire hits the gnoll shaman.
The gnoll shaman is almost dead.
The foxfire hits the gnoll shaman.
You kill the gnoll shaman!
The gnoll hits you with a +0 flail!
Casting: Foxfire (safe; 3% risk of failure)
Confirm with . or Enter, or press ? or * to list all spells.
You conjure some foxfire!
The foxfire hits the gnoll.
The gnoll is lightly wounded.
The foxfire hits the gnoll.
The gnoll is heavily wounded.
The gnoll barely misses you.
Your foxfire dissipates!
The foxfire hits the gnoll.
The gnoll is lightly wounded.
A gnoll comes into view. It is wielding a +0 halberd.
There is a stone staircase leading up here.
The gnoll hits you with a +0 flail!
The gnoll hits you with a +2 flail of protection!
* * * LOW HITPOINT WARNING * * *
You climb upwards.
Level annotation: 2 runed translucent doors, Golzeb's ghost, amateur HOMo
There is a stone staircase leading down here.
There is a stone staircase leading up here.
The gnoll closely misses you.
You are no longer glowing.
Press: ? - help, v - describe, . - travel
Here: a gnoll, wielding a +2 flail of protection (lightly wounded)
The floor.
Unknown command.
Casting: Foxfire (safe; 3% risk of failure)
Confirm with . or Enter, or press ? or * to list all spells.
Flames lash the gnoll.
The gnoll is severely wounded.
The gnoll's fire resistance burns away.
The gnoll hits you with a +0 flail!
You die...

#.##############.........)......
##.# #......>.####.......###.
...# ########## #.......# #.
#### #.......###. #...........
#.......#### #####.### #########
########## #.# ........#
#..@gg...# #.# .######.#
#..###.#.## #.# .#### #.#
#..###....# #.# ....# #.#
#...##.#..###.## .##.# #.#
##...####<.##...## # .##.###.##
##..)..##...#..)..# # .##......#
#.8...8.##.>.#...## ##
.........#
#...))..#..)..#.#####.
#.....##.#
#.......#.............


You could see 2 gnolls.

Vanquished Creatures
  An ogre (D:3)
  A scorpion (D:4)
  An orc priest (D:2)
  A gnoll shaman (D:4)
  Natasha (thrice) (D:2)
  2 orc wizards (D:3)
  3 gnolls
  4 adders
  A river rat (D:3)
  A worm (D:1)
  2 dart slugs
  8 orcs
  3 endoplasms
  2 giant cockroaches
  8 goblins
  4 hobgoblins
  3 jackals (D:4)
  7 kobolds
  6 ball pythons
  10 bats
  3 frilled lizards
  4 rats
78 creatures vanquished.

Vanquished Creatures (others)
  169 foxfires
169 creatures vanquished.

Grand Total: 247 creatures vanquished

Notes
Turn   | Place    | Note
-------+----------+-------------------------------------------
     0 | D:1      | mopl the Mummy Fire Elementalist began the quest for the
                  | Orb.
     0 | D:1      | Reached XP level 1. HP: 13/13 MP: 4/4
   339 | D:1      | Reached XP level 2. HP: 14/19 MP: 2/5
   457 | D:1      | You fall into a shaft and drop 1 floor!
   465 | D:1      | Learned a level 2 spell: Scorch
   516 | D:1      | Reached skill level 3 in Spellcasting
   525 | D:1      | Reached skill level 3 in Fire Magic
   852 | D:2      | Noticed Natasha
   894 | D:1      | Reached skill level 1 in Conjurations
   894 | D:1      | Gained mutation: You are in touch with the powers of death.
                  | [Mummy growth]
   894 | D:1      | Reached XP level 3. HP: 13/24 MP: 3/7
  1031 | D:1      | Learned a level 3 spell: Inner Flame
  1172 | D:2      | Killed Natasha
  1411 | D:2      | Noticed Sigmund
  2012 | D:1      | Reached XP level 4. HP: 30/30 MP: 1/9
  2167 | D:2      | Reached skill level 1 in Hexes
  2671 | D:2      | Found a runed translucent door.
  2672 | D:2      | Noticed Crazy Yiuf
  2771 | D:2      | Noticed Natasha
  2777 | D:2      | Killed Natasha
  2959 | D:2      | Reached XP level 5. HP: 35/35 MP: 8/10
  3409 | D:2      | Noticed Natasha
  3420 | D:2      | Killed Natasha
  3421 | D:2      | Reached skill level 4 in Spellcasting
  3673 | D:3      | Learned a level 4 spell: Olgreb's Toxic Radiance
  3753 | D:3      | Found a blossoming altar of Fedhas.
  3756 | D:3      | Found a shadowy altar of Dithmenos.
  3756 | D:3      | Found a hide-covered altar of Uskayaw.
  3795 | D:3      | Found a runed translucent door.
  3799 | D:3      | Noticed Golzeb's ghost (amateur HOMo)
  3837 | D:3      | Found a runed translucent door.
  3858 | D:3      | Found a faded altar of an unknown god.
  4098 | D:3      | Reached skill level 2 in Conjurations
  4243 | D:3      | Found a bloodstained altar of Trog.
  4320 | D:3      | Found a sacrificial altar of Ru.
  4320 | D:3      | Found a stormy altar of Qazlal.
  4405 | D:3      | Noticed Jessica
  4414 | D:3      | Noticed Jessica
  4414 | D:3      | Jessica changed into Jessica the river rat
  4424 | D:3      | Killed Jessica the river rat
  4499 | D:3      | Reached XP level 6. HP: 18/41 MP: 1/12
  5024 | D:4      | Reached skill level 2 in Hexes
  5024 | D:4      | Reached skill level 1 in Poison Magic
  5165 | D:4      | Noticed Blork the orc
  5178 | D:4      | Noticed Blork
  5178 | D:4      | Blork the orc changed into Blork the ogre
  5201 | D:3      | Killed Blork the ogre
  5202 | D:3      | Reached skill level 5 in Spellcasting
  5202 | D:3      | Reached skill level 4 in Fire Magic
  5597 | D:3      | Slain by a gnoll

Illustrated notes

Levels and vault maps discovered:
D:1:      wander_arrival_abandoned_jail, layout_rooms, minmay_pentomino_o2
D:2:      layout_loops_ring, serial_co_window_serial, co_window_paths_a,
          co_window_corner_a, co_window_paths_a, co_window_corner_a,
          co_window_corner_a, co_window_broadway_c, co_window_unsneaky_path_c,
          co_window_broadway_a, glass_columns_a, glass_columns_b,
          glass_columns_b, glass_columns_a, glass_columns_b,
          minmay_misc_feat_hallway, minmay_indecisive_spiral, uniq_sigmund,
          uniq_natasha, uniq_crazy_yiuf_cottage
D:3:      layout_loops_corners, grunt_temple_overflow_open, trog_antimagical,
          gammafunk_temple_overflow_wave,
          chequers_ecumenical_altar_simple_redux, ebering_ghost_sewer_f,
          uniq_jessica
D:4:      layout_rooms, minmay_temple_entry_purple_smoke,
          nicolae_elevator_lobby_plus, uniq_blork_the_orc

Skill      XL: |  1  2  3  4  5  6 |
---------------+-------------------+-----
Spellcasting   | 3 4 5 |  5.3
Fire Magic     | 3 4 |  4.0
Conjurations   | 1 2 |  2.4
Hexes          | 1 2 |  2.2
Poison Magic   | 1 |  1.3
Dodging        | |  1.5
Stealth        | |  1.5

Action                   |  1- 3 |  4- 6 || total
-------------------------+-------+-------++-------
Melee: Whip              |    62 |    68 ||   130
       Unarmed           |     1 |       ||     1
       Staff             |       |     5 ||     5
 Cast: Foxfire           |    37 |    75 ||   112
       Scorch            |     1 |    15 ||    16
Evoke: Wand              |       |     9 ||     9
  Use: Scroll            |       |     5 ||     5
Armor: Robe              |    29 |    23 ||    52
Dodge: Dodged            |    70 |    63 ||   133

Table legend: (Time is in decaauts)
 A = Elapsed time spent in this place.
 B = Non-inter-level travel time spent in this place.
 C = Inter-level travel time spent in this place.
 D = Time resting spent in this place.
 E = Time spent auto-exploring this place.
 F = Levels seen in this place.
 G = Mean time per level.
                   A        B        C        D        E       F      G
               +--------+--------+--------+--------+--------+-----+--------+
         Total |   5628 |   5237 |    391 |   2273 |   2132 |   4 | 1407.0 |
       Dungeon |   5628 |   5237 |    391 |   2273 |   2132 |   4 | 1407.0 |
               +--------+--------+--------+--------+--------+-----+--------+

Top non-repeatable levels by time:
     D:2: 2199 daAuts
     D:3: 1844 daAuts
     D:1: 1411 daAuts
     D:4: 173 daAuts
